 Dungeon Crawl Stone Soup version 0.25-a0-1024-gbfbf38f2cb (webtiles) character file.

Game seed: 4993592499063620987, levelgen mode: deterministic

6977 Cleanse the Unseen (level 10, -19/46 HPs)
             Began as a Spriggan Assassin on May 12, 2020.
             Was a Priest of Nemelex Xobeh.
             Killed from afar by a rime drake (32 damage)
             ... with a flash freeze
             ... on level 1 of the Lair of Beasts.
             The game lasted 02:36:17 (19199 turns).

Cleanse the Unseen (Spriggan Assassin)             Turns: 19199, Time: 02:36:17

Health: -19/46     AC:  3    Str:  9    XL:     10   Next: 81%
Magic:  20/20      EV: 28    Int: 17    God:    Nemelex Xobeh [***...]
Gold:   233        SH:  3    Dex: 21    Spells: 9/9 levels left

rFire    . . .     SeeInvis +   r - +1 dagger (freeze)
rCold    . . .     Gourm    .   (shield restricted)
rNeg     + . .     Faith    .   b - +0 robe
rPois    .         Spirit   .   (helmet restricted)
rElec    .         Reflect  +   c - +0 cloak
rCorr    .         Harm     .   (gloves unavailable)
MR       +....                  (boots unavailable)
Stlth    +++++++...             A - amulet of Kedybuh {Reflect rN+ Str+2 Int+4 SH+3}
HPRegen  0.15/turn              e - ring of magical power
MPRegen  0.17/turn              (no ring)

@: very quick
A: very small, unfitting armour, see invisible, herbivore, speed 3, slow
metabolism 2
a: Draw Escape, Draw Destruction, Draw Summoning, Triple Draw, Renounce Religion


You were on level 1 of the Lair of Beasts.
You worshipped Nemelex Xobeh.
Nemelex Xobeh was most pleased with you.
You were not hungry.

You visited 2 branches of the dungeon, and saw 9 of its levels.
You also visited: Sewer.

You collected 345 gold pieces.
You spent 112 gold pieces at shops.

Inventory:

Hand Weapons
 a - a +2 dagger
 r - a +1 dagger of freezing (weapon)
Missiles
 B - 2 poisoned darts (quivered)
 D - 8 curare-tipped darts
Armour
 b - a +0 robe (worn)
 c - a +0 cloak (worn)
Jewellery
 e - a ring of magical power (left hand)
 A - the amulet of Kedybuh (around neck) {Reflect rN+ Str+2 Int+4 SH+3}
   (You found it on level 8 of the Dungeon)

   [amulet of reflection]

   It shields you and reflects attacks.
   It affects your strength (+2).
   It affects your intelligence (+4).
   It protects you from negative energy.
   It affects your SH (+3).
Wands
 d - a wand of acid (5)
 s - a wand of flame (8)
 u - a wand of polymorph (2)
 y - a wand of disintegration (14)
Scrolls
 k - 4 scrolls of remove curse
 m - 7 scrolls of identify
 o - 2 scrolls of amnesia
 v - 2 scrolls of magic mapping
 x - a scroll of blinking
Potions
 g - 4 potions of stabbing
 h - 3 potions of haste
 i - a potion of heal wounds
 j - a potion of cancellation
 l - 2 potions of curing
 n - 6 potions of lignification
 p - a potion of brilliance
 q - 2 potions of mutation
 t - a potion of ambrosia
 w - a potion of magic
 z - a potion of flight
 C - a potion of berserk rage
Comestibles
 f - 18 rations


   Skills:
 - Level 1.5 Fighting
 * Level 11.3 Short Blades
 - Level 4.3 Throwing
 + Level 10.3 Dodging
 * Level 15.8 Stealth


You had 9 spell levels left.
You didn't know any spells.
Your spell library was empty.

Dungeon Overview and Level Annotations

Branches:
Dungeon (8/15)             Temple (0/1) D:5            Lair (1/6) D:8
  Sewer (visited)

Altars:
Ashenzari
Dithmenos
Fedhas
Gozag
Kikubaaqudgha
Nemelex Xobeh
Sif Muna
Vehumet
Wu Jian
Xom
Yredelemnul
Zin
The Shining One

Shops:
D:4 [=(   D:6 (   D:8 *

Annotations:
D:4 exclusion: statue, Eustachio, Grinder
D:8 exclusion: 2 oklob saplings


Innate Abilities, Weirdness & Mutations

You are very small and have problems with some larger weapons.
You are too small for most types of armour.
You have supernaturally acute eyesight. (SInv)
You are a herbivore.
You cover ground extremely quickly.
You need to consume almost no food.


Message History

You hit the rime drake but do no damage.
The rime drake is severely wounded.
The rime drake barely misses you.
You hit the rime drake but do no damage.
The rime drake is severely wounded.
You hit the rime drake but do no damage.
The rime drake is severely wounded.
The rime drake completely misses you.
You hit the rime drake but do no damage.
The rime drake is severely wounded.
The rime drake breathes ice at you. The flash freeze hits you!
* * * LOW HITPOINT WARNING * * *
You are encased in ice.
The ice encasing you melts away. The rime drake breathes ice at you.
The flash freeze hits you!!
Ouch! That really hurt!
You die...
Your body glows slightly and disappears.

..P........P.....................
.##........#####....##...........
.#.........# ##...##.....†.....
..#........#### #...###....######
...........##P###...# #...##..###
..#.................# #..........
..................#####.#.#......
###....%......k...............###
###......(..####@#.##P..##P...###
..#........#####.##.##..........#
............#........#...........
...........#.....................
.................................
#P#..............................
###..............................
#.....k...........#############
#................## #


You could see a rime drake (catching breath).

Vanquished Creatures
  A black mamba (Lair:1)
  A spiny frog (Lair:1)
  3 komodo dragons
  4 blink frogs (Lair:1)
  3 hippogriffs
  A spriggan (D:7)
  2 yaks
  A hungry ghost (D:7)
  3 water moccasins
  A porcupine (Lair:1)
  An orc warrior (D:6)
  A sky beast (D:7)
  An ogre (D:8)
  2 wolves (Lair:1)
  A centaur (D:6)
  4 crocodiles (Lair:1)
  A big kobold (D:8)
  4 bullfrogs
  A gnoll sergeant (D:8)
  A scorpion (D:8)
  6 killer bees
  A howler monkey (D:5)
  2 crimson imps
  2 centaur zombies
  11 hounds
  A jelly (D:6)
  2 orc priests (D:3)
  2 bullfrog skeletons
  Crazy Yiuf (D:7)
  3 iguanas
  10 worker ants
  2 hound zombies
  A hound skeleton (D:4)
  A howler monkey zombie (D:8)
  A howler monkey skeleton (D:5)
  11 gnolls
  14 adders
  A shadow imp (D:8)
  2 oozes
  6 worms
  4 dart slugs
  3 leopard geckos
  12 orcs
  6 giant cockroaches
  8 goblins
  7 hobgoblins
  15 jackals
  4 quokkas
  12 ball pythons
  17 bats
  3 frilled lizards
  A jackal zombie (D:5)
  10 kobolds
  A quokka skeleton (D:4)
  A quokka zombie (D:7)
  13 rats
  A butterfly (D:4)
235 creatures vanquished.

Vanquished Creatures (collateral kills)
  A spiny frog (D:8)
  A water moccasin (D:8)
  A killer bee (D:6)
  A hound (D:6)
  A worker ant (D:6)
  A plant (D:8)
6 creatures vanquished.

Vanquished Creatures (others)
  2 plants (D:8)
2 creatures vanquished.

Grand Total: 243 creatures vanquished

Notes
Turn   | Place    | Note
-------+----------+-------------------------------------------
     0 | D:1      | Cleanse the Spriggan Assassin began the quest for the Orb.
     0 | D:1      | Reached XP level 1. HP: 10/10 MP: 2/2
   183 | D:1      | Reached skill level 6 in Stealth
   349 | D:1      | Reached XP level 2. HP: 14/14 MP: 3/3
   507 | D:1      | Found a glowing golden altar of the Shining One.
   820 | D:2      | Reached XP level 3. HP: 18/18 MP: 4/4
  1502 | D:2      | Reached XP level 4. HP: 22/22 MP: 5/5
  1703 | D:2      | You fall into a shaft and drop 2 floors!
  1703 | D:4      | Found a shimmering altar of Xom.
  1851 | D:3      | Reached skill level 7 in Stealth
  2581 | D:3      | Reached XP level 5. HP: 17/25 MP: 6/6
  4373 | D:3      | Found a sparkling altar of Nemelex Xobeh.
  4382 | D:3      | Became a worshipper of Nemelex Xobeh the Trickster
  4484 | D:3      | Received a gift from Nemelex Xobeh
  4724 | D:4      | Found Gamosyfu's Weapon Shop.
  4796 | D:4      | Reached skill level 8 in Stealth
  4796 | D:4      | Reached XP level 6. HP: 30/30 MP: 7/7
  5241 | D:4      | Found a shimmering blue altar of Sif Muna.
  5251 | D:4      | Noticed an orc warrior
  5254 | D:4      | Found a transporter.
  5254 | D:4      | Noticed a sky beast
  5265 | D:4      | Found a transporter.
  5433 | D:4      | Noticed Eustachio
  5517 | D:4      | Found Hucwaut's Antique Armour Boutique.
  5691 | D:4      | Found a shadowy altar of Dithmenos.
  5816 | D:4      | Noticed Grinder
  6013 | D:4      | Found a radiant altar of Vehumet.
  6066 | D:4      | Reached skill level 5 in Short Blades
  6136 | D:4      | Found Nollupaf's Jewellery Boutique.
  6483 | D:5      | Entered Level 5 of the Dungeon
  6499 | D:5      | Reached XP level 7. HP: 33/33 MP: 8/8
  6618 | D:5      | Reached skill level 9 in Stealth
  6629 | D:5      | Found a staircase to the Ecumenical Temple.
  6715 | D:5      | Found a blossoming altar of Fedhas.
  6733 | D:5      | Reached * piety under Nemelex Xobeh
  6745 | D:5      | Found a basalt altar of Yredelemnul.
  6847 | D:5      | Found a shattered altar of Ashenzari.
  6904 | D:5      | Found an ancient bone altar of Kikubaaqudgha.
  7270 | D:6      | Found a glowing drain.
  7292 | Sewer    | Entered a sewer
  7362 | Sewer    | Noticed Purgy
  7630 | D:6      | Reached skill level 5 in Dodging
  7768 | D:6      | Found Uptalob's Weapon Emporium.
  8348 | D:6      | Reached skill level 10 in Stealth
  9346 | D:4      | Bought a +1 dagger of venom for 112 gold pieces
  9837 | D:6      | Hell
  9838 | D:7      | Noticed a hippogriff
 10249 | D:7      | Reached XP level 8. HP: 35/37 MP: 9/9
 10917 | D:6      | Killed a hippogriff
 10917 | D:6      | Reached skill level 11 in Stealth
 11290 | D:7      | Reached ** piety under Nemelex Xobeh
 11297 | D:7      | Received a gift from Nemelex Xobeh
 11954 | D:7      | Reached skill level 12 in Stealth
 11967 | D:7      | Found an ornate altar of the Wu Jian Council.
 12088 | D:7      | Reached XP level 9. HP: 23/41 MP: 10/10
 12264 | D:7      | Found a runed translucent door.
 12265 | D:7      | Noticed Crazy Yiuf
 12419 | D:7      | Killed Crazy Yiuf
 13013 | D:8      | Found an opulent altar of Gozag.
 13280 | D:8      | Got a clouded copper amulet
 13281 | D:8      | Identified the amulet of Kedybuh {Reflect rN+ Str+2 Int+4
                  | SH+3} (You found it on level 8 of the Dungeon)
 13816 | D:8      | Found Zin's Purification Station.
 13816 | D:8      | Found a glowing silver altar of Zin.
 14666 | D:8      | Received a gift from Nemelex Xobeh
 14895 | D:7      | Reached skill level 13 in Stealth
 15545 | D:8      | Found a blossoming altar of Fedhas.
 16137 | D:8      | Noticed a komodo dragon
 16167 | D:8      | Killed a komodo dragon
 16458 | D:8      | Found a staircase to the Lair.
 17012 | D:8      | Reached skill level 14 in Stealth
 17067 | Lair:1   | Entered Level 1 of the Lair of Beasts
 17067 | Lair:1   | Noticed a black mamba
 17071 | Lair:1   | Killed a black mamba
 17071 | Lair:1   | Reached XP level 10. HP: 46/46 MP: 11/11
 17075 | Lair:1   | Noticed a spiny frog
 17214 | D:8      | Killed a spiny frog
 17214 | D:8      | Reached skill level 10 in Short Blades
 17459 | Lair:1   | Received a gift from Nemelex Xobeh
 17597 | Lair:1   | Reached *** piety under Nemelex Xobeh
 18228 | Lair:1   | Reached skill level 15 in Stealth
 18559 | Lair:1   | Reached skill level 10 in Dodging
 18732 | Lair:1   | Noticed a spiny frog
 18739 | Lair:1   | Killed a spiny frog
 19199 | Lair:1   | Killed from afar by a rime drake

Illustrated notes

#...# #.# #.# #...#
###.#####.### #...#
##............ .# #...#
#........#.##. ...>..
#..#.###...... ..##.#
####..[.##....##. #.##.#
..........###.##.
#.##.######..##.## ##.#.
#......@........# #...
#.#####.##..#####..##.### #.#.
#...)........####..###..##.##.
.#####.##!J.##...........# #.
#.##...##..........## #.
#.#####.##...#....≈≈≈....# #.
#........#.......≈≈≈≈≈..#####.
#.####..c........≈≈(≈≈....[...
#..%#.#.#...≈≈≈≈≈...####.


Turn 9837 on D:6: Hell

Levels and vault maps discovered:
D:1:      grunt_arrival_lava_bath, layout_basic, kennysheep_crisscross,
          serial_bayou_pond_e, chequers_serial_rivers_micro_b, tso_altar
D:2:      layout_basic
D:3:      layout_loops_ring, chequers_garden, nemelex_spade_bored_becter
D:4:      corexii_shack_village, layout_basic, kennysheep_mini, xom_butterflies,
          gammafunk_temple_overflow_arena, vehumet_statue, serial_shops,
          shop_fountains, nicolae_shop_trees, kennysheep_mini_moat,
          uniq_grinder, uniq_eustachio
D:5:      layout_loops_ring, ashenzari_altar_1, kiku_gazebo_pond_becter,
          fedhas_ov_isle_minmay, lemuel_doored_altar, temple_statues,
          first_ration, hangedman_abyss_or_decor_stagger, minmay_misc_feat_tiny
D:6:      layout_loops_ring, serial_shops,
          nicolae_shop_competitors_out_of_business, portal_sewer_entry_a
D:7:      layout_cave_pools, lemuel_coloured_pillars_altar,
          uniq_crazy_yiuf_cottage
D:8:      layout_gridville, zin_purify, nicolae_gozag_seed_capital,
          david_lair_shrubbed, blue_anna_alchemist [blue_anna_fruit_fields,
          blue_anna_fruit_fields], introduction_to_nature_1
Lair:1:   layout_gridlike, beast_lair_carwin_3

Skill      XL: |  1  2  3  4  5  6  7  8  9 10 |
---------------+-------------------------------+-----
Stealth        | 6 7 8 10 12 14 15 | 15.8
Dodging        | 2 3 4 5 7 9 10 | 10.3
Short Blades   | 3 4 5 6 8 9 11 | 11.3
Throwing       | 3 4 |  4.3
Fighting       | |  1.5

Action                   |  1- 3 |  4- 6 |  7- 9 | 10-12 || total
-------------------------+-------+-------+-------+-------++-------
Melee: Dagger            |   131 |   255 |   771 |   201 ||  1358
Throw: Dart              |    11 |   148 |    76 |     2 ||   237
Invok: Draw Destruction  |       |       |     6 |     2 ||     8
       Draw Escape       |       |       |     4 |       ||     4
       Draw Summoning    |       |       |     3 |     4 ||     7
Evoke: Wand              |       |       |    11 |    11 ||    22
  Use: Scroll            |     3 |    11 |    11 |       ||    25
       Potion            |       |     4 |     5 |       ||     9
 Stab: Sleeping          |     7 |    14 |    21 |    10 ||    52
       Distracted        |     1 |       |     2 |       ||     3
  Eat: Ration            |       |     2 |     7 |     2 ||    11
Armor: Robe              |    10 |    25 |    25 |     1 ||    61
Dodge: Dodged            |    74 |   178 |   523 |   102 ||   877
Block: Other             |       |       |    34 |    14 ||    48

Table legend:
 A = Non-vault XP
 B = Vault XP
 C = Vault XP percentage of total XP
 D = Non-vault monster count
 E = Vault monster count
 F = Vault count percentage of total count
                 A         B        C        D         E       F
            +---------+---------+-------+---------+---------+-------
      Total |    8366 |    1602 |  16.1 |     200 |      39 |  16.3
            +---------+---------+-------+---------+---------+-------
        D:1 |      33 |       0 |   0.0 |      18 |       0 |   0.0
        D:2 |     107 |       0 |   0.0 |      36 |       0 |   0.0
        D:3 |     247 |       0 |   0.0 |      32 |       0 |   0.0
        D:4 |     320 |      22 |   6.4 |      20 |      10 |  33.3
        D:5 |     246 |       0 |   0.0 |      12 |       0 |   0.0
        D:6 |    1161 |      34 |   2.8 |      18 |       7 |  28.0
        D:7 |    1315 |      42 |   3.1 |      18 |       4 |  18.2
        D:8 |    1677 |     578 |  25.6 |      34 |       9 |  20.9
     Lair:1 |    3260 |     922 |  22.0 |      12 |       6 |  33.3
      Sewer |       0 |       4 | 100.0 |       0 |       3 | 100.0
            +---------+---------+-------+---------+---------+-------
